 Dungeon Crawl Stone Soup version 0.29-a0-824-gd827844252 (webtiles) character file.

Game seed: 8617071888340480068

18 coolguy69 the Trooper (level 2, 0/16 HPs)
             Began as a Vine Stalker Monk on July 10, 2022.
             Slain by Sigmund
             ... wielding a +0 scythe
              (4 damage)
             ... on level 2 of the Dungeon.
             The game lasted 00:00:47 (1061 turns).

coolguy69 the Trooper (Vine Stalker Monk)           Turns: 1061, Time: 00:00:48

Health: 0/16       AC: 10    Str: 13    XL:     2   Next: 70%
Magic:  0/3        EV:  3    Int: 10    God:
Gold:   7          SH:  0    Dex: 16    Spells: 1/1 levels left

rFire   . . .      SeeInvis .   a - +0 short sword
rCold   . . .      Faith    .   (no shield)
rNeg    . . .      Spirit   +   h - +0 plate armour
rPois   .          Reflect  .   (no helmet)
rElec   .          Harm     .   (no cloak)
rCorr   .          Rampage  .   (no gloves)
Will    .....                   (no boots)
Stlth   ..........              (no amulet)
HPRegen 0.05/turn               (no ring)
MPRegen 0.08/turn               (no ring)

@: no status effects
A: fangs 2, magic shield, antimagic bite, no potion heal 2
a: no special abilities


You were on level 2 of the Dungeon.
You visited 1 branch of the dungeon, and saw 2 of its levels.

You collected 7 gold pieces.

Inventory:

Hand Weapons
 a - a +0 short sword (weapon)
Armour
 h - a +0 plate armour (worn)
Scrolls
 e - 2 scrolls of teleportation {unknown}
Potions
 c - a potion of ambrosia


   Skills:
 + Level 3.0 Fighting
 + Level 2.9 Short Blades
 + Level 2.8 Dodging
 + Level 2.5 Stealth


You had one spell level left.
You didn't know any spells.
Your spell library was empty.

Dungeon Overview and Level Annotations

Branches:
Dungeon (2/15)

Altars:

Annotations:
D:2 Sigmund


Innate Abilities, Weirdness & Mutations

You have extremely sharp teeth.
When hurt, damage is shared between your health and your magic reserves.
Your bite disrupts and absorbs the magic of your enemies.
Potions cannot restore your health.


Message History

Sigmund is moderately wounded.
Sigmund hits you with a +0 scythe!
Ouch! That really hurt!
You are too injured to fight recklessly!
You are too injured to fight recklessly!
You are too injured to fight recklessly!
You are too injured to fight recklessly!
You are too injured to fight recklessly!
You are too injured to fight recklessly!
You are too injured to fight recklessly!
You are too injured to fight recklessly!
You are too injured to fight recklessly!
It was a potion of lignification.
You turn into a tree.
Your +0 plate armour melds into your body.
Your roots penetrate the ground.
Sigmund hits you but does no damage.
It was a potion of cancellation.
Your magical effects are unravelling.
You feel magically purged.
You feel less wooden.
Your +0 plate armour unmelds from your body.
It was a potion of curing.
That felt strangely inert.
Sigmund falters for a moment.
Okay, then.
Okay, then.
You hit Sigmund.
Sigmund is heavily wounded.
Sigmund hits you with a +0 scythe.
You hit Sigmund but do no damage. You bite Sigmund, but do no damage.
Sigmund is heavily wounded.
Sigmund hits you but does no damage.
You hit Sigmund. Your bite misses Sigmund.
Sigmund is heavily wounded.
You hit Sigmund. You bite Sigmund, but do no damage.
Sigmund is severely wounded.
Sigmund hits you with a +0 scythe.
* * * LOW HITPOINT WARNING * * *
You hit Sigmund. Your bite misses Sigmund.
Sigmund is severely wounded.
Sigmund hits you with a +0 scythe.
You die...

#. #####
#.##...#
#......#
#.≈≈≈..#
#.≈?≈..#####
#.≈≈≈.......
#......@#
#.....@.##
#..<.....#
#............
#........###..
##.........
#.......###
#.......#
#.......#
........#


You could see Sigmund (magic disrupted).

Vanquished Creatures
  2 endoplasms (D:1)
  2 giant cockroaches (D:1)
  2 hobgoblins (D:1)
  A quokka (D:1)
  2 bats (D:1)
  2 goblins (D:1)
  3 kobolds (D:1)
  4 rats (D:1)
18 creatures vanquished.

Notes
Turn   | Place    | Note
-------+----------+-------------------------------------------
     0 | D:1      | coolguy69 the Vine Stalker Monk began the quest for the
                  | Orb.
     0 | D:1      | Reached XP level 1. HP: 11/11 MP: 2/2
   429 | D:1      | Reached XP level 2. HP: 12/16 MP: 1/3
   609 | D:1      | Reached skill level 3 in Fighting
  1043 | D:2      | Noticed Sigmund
  1061 | D:2      | Slain by Sigmund

Illustrated notes

Levels and vault maps discovered:
D:1:      heliophobic_arrival_enchanted_forest, layout_loops_ring, st_stairs_13
D:2:      layout_basic, shapermc_ecumenical_altar_rom_forum,
          corexii_item_surrounded_by_moat, uniq_sigmund

Skill      XL: |  1  2 |
---------------+-------+-----
Fighting       | 3 |  3.0
Short Blades   | |  2.9
Dodging        | |  2.8
Stealth        | |  2.5

Action                   || total
-------------------------++-------
Melee: Short sword       ||    64
       Bite              ||    18
  Use: Potion            ||     3
 Stab: Sleeping          ||     1
Armor: Robe              ||     4
       Plate armour      ||    16
       Skin              ||     1
Dodge: Dodged            ||    25

Table legend: (Time is in decaauts)
 A = Elapsed time spent in this place.
 B = Non-inter-level travel time spent in this place.
 C = Inter-level travel time spent in this place.
 D = Time resting spent in this place.
 E = Time spent auto-exploring this place.
 F = Levels seen in this place.
 G = Mean time per level.
                   A        B        C        D        E       F      G
               +--------+--------+--------+--------+--------+-----+--------+
         Total |   1058 |   1027 |     31 |      0 |    875 |   2 |  529.0 |
       Dungeon |   1058 |   1027 |     31 |      0 |    875 |   2 |  529.0 |
               +--------+--------+--------+--------+--------+-----+--------+

Top non-repeatable levels by time:
     D:1: 1041 daAuts
     D:2: 17 daAuts
